cohdb
Replays
Latest Replays
All Replays
Popular Replays
Top Player Replays
Match Explorer
How It Works
Community
CoH3 Stats
Reddit
Sign in to upload your games and track your stats! →
Sign in with Steam
Match 41556233
Unlisted
Match 41556233
Overview
Messages
Build Orders
End
Kettenkrad Recon Vehicle
Construct Infanterie Kompanie
Selects Terror Battlegroup
Selects Terror Battlegroup
Selects Machine Gun Camouflage
MG 42 Machine Gun Team
Grenadier Squad
Grenadier Squad
Construct Panzergrenadier Kompanie
MG 42 Machine Gun Team
Panzergrenadier Squad
Pak 40 Anti-tank Gun Team
251 Medium Carrier
队长别开枪是我
runyourway
皮諾可這個直接電死
Wait What?
Der_Therapeut
SirFecker
Gravey
ARC_RAID
0
0
Comments
sign in to comment!
No comments posted yet!